PCL
LANSING LUGNUTS @ ALBUQUERQUE ISOTOPES
08/08/2023
 
TOP OF THE 1ST
Lansing Lugnuts batting - Pitching for Albuquerque Isotopes : RHP Jason Dodd
Pitching: RHP Jason Dodd
Batting: RHB Taki Chikafuji 0-0: Ball
1-0: Foul Ball, location: 2F
1-1: Foul Ball, location: 2F
1-2: Ball
2-2: Foul Ball, location: 2F
2-2: Strikes out swinging
Batting: RHB Gilberto López 0-0: Called Strike
0-1: Ball
1-1: Ball
2-1: Ball
3-1: Base on Balls
Batting: LHB Lewis Barr 0-0: Ball
Gilberto López steals 2nd base
1-0: SINGLE (Line Drive, 6MD)
Gilberto López to third
Batting: LHB Damon Mitchell 0-0: Called Strike
0-1: SINGLE (Groundball, 34D)
Gilberto López scores
Lewis Barr to second
Runner from 2nd tries for 3rd, SAFE, no throw or cutoff
Batting: RHB Júlio Caraballo 0-0: Swinging Strike
0-1: Ball
1-1: Ball
2-1: Foul Ball, location: 2F
2-2: Grounds into double play, 4-6-3 (Groundball, 4M)
Top of the 1st over - 1 run(s), 2 hit(s), 0 error(s), 1 left on base; Lansing 1 - Albuquerque 0
BOTTOM OF THE 1ST
Albuquerque Isotopes batting - Pitching for Lansing Lugnuts : LHP Ryosei Takeda
Pitching: LHP Ryosei Takeda
Batting: RHB Roberto Cardona 0-0: Ground out 5-3 (Groundball, 56)
Batting: LHB Fernando Ortíz 0-0: Foul Ball, location: 2F
0-1: Swinging Strike
0-2: Ball
1-2: Strikes out swinging
Batting: RHB Edward Young 0-0: SINGLE (Line Drive, 7S)
Batting: RHB Adrian Prouse 0-0: Called Strike
0-1: Ball
1-1: Ball
2-1: Fly out, F9 (Flyball, 9M)
Bottom of the 1st over - 0 run(s), 1 hit(s), 0 error(s), 1 left on base; Lansing 1 - Albuquerque 0
TOP OF THE 2ND
Lansing Lugnuts batting - Pitching for Albuquerque Isotopes : RHP Jason Dodd
Batting: LHB Pedro Padilla 0-0: Ground out 4-3 (Groundball, 4)
Batting: RHB Steve Hathaway 0-0: Fly out, F7 (Line Drive, 7D)
Batting: RHB Rafael González 0-0: Ball
1-0: Foul Ball, location: 2F
1-1: TRIPLE (Line Drive, 7LD)
Batting: RHB Howard Daniel 0-0: Ball
1-0: Ground out 6-3 (Groundball, 6M)
Top of the 2nd over - 0 run(s), 1 hit(s), 0 error(s), 1 left on base; Lansing 1 - Albuquerque 0
BOTTOM OF THE 2ND
Albuquerque Isotopes batting - Pitching for Lansing Lugnuts : LHP Ryosei Takeda
Batting: LHB Juan Carlos Sánchez 0-0: Called Strike
0-1: Ball
1-1: Swinging Strike
1-2: Strikes out looking
Batting: RHB Juan Alberto 0-0: Ball
1-0: Called Strike
1-1: Ball
2-1: Swinging Strike
2-2: Ball
3-2: Foul Ball, location: 2F
3-2: Fly out, F8 (Flyball, 89M)
Batting: RHB Luis Martínez 0-0: Fly out, F7 (Flyball, 7M)
Bottom of the 2nd over - 0 run(s), 0 hit(s), 0 error(s), 0 left on base; Lansing 1 - Albuquerque 0
TOP OF THE 3RD
Lansing Lugnuts batting - Pitching for Albuquerque Isotopes : RHP Jason Dodd
Batting: RHB Taki Chikafuji 0-0: Called Strike
0-1: Foul Ball, location: 2F
0-2: Foul Ball, location: 2F
0-2: Fly out, F9 (Flyball, 9D)
Batting: RHB Gilberto López 0-0: SINGLE (Groundball, 56D)
Batting: LHB Lewis Barr 0-0: Ball
1-0: Called Strike
1-1: Ball
2-1: Called Strike
2-2: SINGLE (Groundball, 3D)
Gilberto López to second
Runner from 2nd tries for 3rd, SAFE, throw made to third
Lewis Barr to second
Batting: LHB Damon Mitchell 0-0: Ball
1-0: Ball
2-0: Foul Ball, location: 2F
2-1: Swinging Strike
2-2: Ball
3-2: SINGLE (Groundball, 34D)
Gilberto López scores
Lewis Barr to third
Runner from 3rd tries for Home, SAFE, throw made home
Batting: RHB Júlio Caraballo 0-0: Ball
1-0: Called Strike
1-1: Swinging Strike
1-2: Ball
2-2: Hit by Pitch
Damon Mitchell to second
Batting: LHB Pedro Padilla 0-0: Ball
1-0: Foul Ball, location: 2F
1-1: Foul Ball, location: 2F
1-2: Ball
2-2: Ball
3-2: Grounds into double play, 4-6-3 (Groundball, 4)
Top of the 3rd over - 2 run(s), 3 hit(s), 0 error(s), 1 left on base; Lansing 3 - Albuquerque 0
BOTTOM OF THE 3RD
Albuquerque Isotopes batting - Pitching for Lansing Lugnuts : LHP Ryosei Takeda
Batting: RHB Adrián García 0-0: Fly out, F8 (Flyball, 8RM)
Batting: LHB António De Los Ángeles 0-0: Called Strike
0-1: Foul Ball, location: 2F
0-2: Strikes out swinging
Batting: RHB Roberto Cardona 0-0: Ball
1-0: Foul Ball, location: 2F
1-1: Ball
2-1: Foul Ball, location: 2F
2-2: Ball
3-2: Base on Balls
Batting: LHB Fernando Ortíz 0-0: Called Strike
0-1: Called Strike
0-2: Ball
Roberto Cardona is caught stealing 2nd base
Bottom of the 3rd over - 0 run(s), 0 hit(s), 0 error(s), 0 left on base; Lansing 3 - Albuquerque 0
TOP OF THE 4TH
Lansing Lugnuts batting - Pitching for Albuquerque Isotopes : RHP Jason Dodd
Batting: RHB Steve Hathaway 0-0: Ball
1-0: Ball
2-0: Fly out, F6 (Popup, 56D)
Batting: RHB Rafael González 0-0: Called Strike
0-1: Ball
1-1: Ball
2-1: Ground out 3-1 (Groundball, 34)
Batting: RHB Howard Daniel 0-0: Ground out 4-3 (Groundball, 4)
Top of the 4th over - 0 run(s), 0 hit(s), 0 error(s), 0 left on base; Lansing 3 - Albuquerque 0
BOTTOM OF THE 4TH
Albuquerque Isotopes batting - Pitching for Lansing Lugnuts : LHP Ryosei Takeda
Batting: LHB Fernando Ortíz 0-0: Swinging Strike
0-1: Ball
1-1: Swinging Strike
1-2: Strikes out swinging
Batting: RHB Edward Young 0-0: Swinging Strike
0-1: Foul Ball, location: 2F
0-2: Ball
1-2: Ground out 5-3 (Groundball, 5)
Batting: RHB Adrian Prouse 0-0: Ball
1-0: Ball
2-0: Called Strike
2-1: Foul Ball, location: 2F
2-2: Strikes out swinging
Bottom of the 4th over - 0 run(s), 0 hit(s), 0 error(s), 0 left on base; Lansing 3 - Albuquerque 0
TOP OF THE 5TH
Lansing Lugnuts batting - Pitching for Albuquerque Isotopes : RHP Jason Dodd
Batting: RHB Taki Chikafuji 0-0: Ball
1-0: Fly out, F9 (Flyball, 9M)
Batting: RHB Gilberto López 0-0: Ball
1-0: Ball
2-0: Called Strike
2-1: Ball
3-1: Fly out, F8 (Flyball, 8LM)
Batting: LHB Lewis Barr 0-0: Called Strike
0-1: Ball
1-1: SOLO HOME RUN (Flyball, 8RXD), Distance : 438 ft
Batting: LHB Damon Mitchell 0-0: Ball
1-0: Fly out, F8 (Line Drive, 8RD)
Top of the 5th over - 1 run(s), 1 hit(s), 0 error(s), 0 left on base; Lansing 4 - Albuquerque 0
BOTTOM OF THE 5TH
Albuquerque Isotopes batting - Pitching for Lansing Lugnuts : LHP Ryosei Takeda
Batting: LHB Juan Carlos Sánchez 0-0: Called Strike
0-1: DOUBLE (Flyball, 8RXD)
Batting: RHB Juan Alberto 0-0: Ball
1-0: Ball
2-0: Ball
3-0: Called Strike
3-1: Foul Ball, location: 2F
3-2: Fly out, F7 (Flyball, 78S)
Batting: RHB Luis Martínez 0-0: Ball
1-0: Called Strike
1-1: Swinging Strike
1-2: Strikes out swinging
Batting: RHB Adrián García 0-0: Ball
1-0: Called Strike
1-1: Ball
2-1: Swinging Strike
2-2: Strikes out swinging
Bottom of the 5th over - 0 run(s), 1 hit(s), 0 error(s), 1 left on base; Lansing 4 - Albuquerque 0
TOP OF THE 6TH
Lansing Lugnuts batting - Pitching for Albuquerque Isotopes : RHP Jason Dodd
Batting: RHB Júlio Caraballo 0-0: Foul Ball, location: 2F
0-1: Ball
1-1: Called Strike
1-2: Ball
2-2: Ball
3-2: Ground out 4-3 (Groundball, 4)
Batting: LHB Pedro Padilla 0-0: Called Strike
0-1: Ball
1-1: Ball
2-1: Swinging Strike
2-2: SINGLE (Groundball, 15S) (infield hit)
Batting: RHB Steve Hathaway 0-0: Foul Ball, location: 2F
0-1: Ball
1-1: Ball
2-1: Foul Ball, location: 2F
2-2: Foul Ball, location: 2F
2-2: Ball
3-2: DOUBLE (Flyball, 8RXD)
Pedro Padilla to third
Batting: RHB Rafael González 0-0: Intentional Walk
Batting: RHB Howard Daniel 0-0: Grounds into double play, 6-4-3 (Groundball, 6)
Top of the 6th over - 0 run(s), 2 hit(s), 0 error(s), 2 left on base; Lansing 4 - Albuquerque 0
BOTTOM OF THE 6TH
Albuquerque Isotopes batting - Pitching for Lansing Lugnuts : LHP Ryosei Takeda
Batting: LHB António De Los Ángeles 0-0: Ball
1-0: Fly out, F7 (Flyball, 7M)
Batting: RHB Roberto Cardona 0-0: Foul Ball, location: 2F
0-1: Ball
1-1: Ball
2-1: Called Strike
2-2: Foul Ball, location: 2F
2-2: Ball
3-2: Foul Ball, location: 2F
3-2: Base on Balls
Batting: LHB Fernando Ortíz 0-0: Foul Ball, location: 2F
0-1: Foul Ball, location: 2F
0-2: Ball
1-2: Ball
2-2: SINGLE (Line Drive, 4)
Roberto Cardona to second
Pitching: LHP Carl Lewis
Batting: RHB Edward Young 0-0: Called Strike
0-1: Called Strike
0-2: Ball
1-2: Ball
2-2: Ball
3-2: Foul Ball, location: 2F
3-2: SINGLE (Groundball, 56D) (infield hit)
Roberto Cardona to third
Fernando Ortíz to second
Batting: RHB Adrian Prouse 0-0: Called Strike
0-1: Ball
1-1: Ball
2-1: Ball
3-1: Base on Balls
Roberto Cardona scores
Fernando Ortíz to third
Edward Young to second
Batting: LHB Juan Carlos Sánchez 0-0: Swinging Strike
0-1: Ball
1-1: Ball
2-1: Foul Ball, location: 2F
2-2: Ball
3-2: Strikes out swinging
Batting: RHB Juan Alberto 0-0: Ball
1-0: SINGLE (Groundball, 56D)
Fernando Ortíz scores
Edward Young to third
Adrian Prouse to second
Runner from 3rd tries for Home, SAFE, no throw or cutoff
Batting: RHB Luis Martínez 0-0: Ball
1-0: Called Strike
1-1: Called Strike
1-2: 3-RUN HOME RUN (Flyball, 78XD), Distance : 398 ft
Pitching: RHP Gerald Hood
Batting: RHB Adrián García 0-0: Foul Ball, location: 2F
0-1: Ball
1-1: Ground out 5-3 (Groundball, 5)
Bottom of the 6th over - 6 run(s), 4 hit(s), 0 error(s), 0 left on base; Lansing 4 - Albuquerque 6
TOP OF THE 7TH
Lansing Lugnuts batting - Pitching for Albuquerque Isotopes : RHP Jason Dodd
Pitching: LHP Dave Rice
Batting: RHB Taki Chikafuji 0-0: Ball
1-0: Called Strike
1-1: Ball
2-1: Foul Ball, location: 2F
2-2: Foul Ball, location: 2F
2-2: Foul Ball, location: 2F
2-2: Ball
3-2: Base on Balls
Batting: RHB Gilberto López 0-0: Foul Ball, location: 2F
0-1: Foul Ball, location: 2F
0-2: Ball
1-2: Foul Ball, location: 2F
1-2: Ball
2-2: Fly out, F7 (Flyball, 7D)
Runner from 1st tags up, SAFE at 2nd
Batting: LHB Lewis Barr 0-0: Swinging Strike
0-1: SINGLE (Line Drive, 56D)
Taki Chikafuji to third
Runner from 3rd tries for Home, throw and OUT!
Lewis Barr to second
Batting: LHB Damon Mitchell 0-0: Swinging Strike
0-1: Ball
1-1: Ball
2-1: Fly out, F9 (Flyball, 9M)
Top of the 7th over - 0 run(s), 1 hit(s), 0 error(s), 1 left on base; Lansing 4 - Albuquerque 6
BOTTOM OF THE 7TH
Albuquerque Isotopes batting - Pitching for Lansing Lugnuts : RHP Gerald Hood
Batting: LHB António De Los Ángeles 0-0: Ball
1-0: Ball
2-0: Foul Ball, location: 2F
2-1: Called Strike
2-2: Strikes out looking
Batting: RHB Roberto Cardona 0-0: Foul Ball, location: 2F
0-1: Ball
1-1: Swinging Strike
1-2: Fly out, F9 (Flyball, 9D)
Batting: LHB Fernando Ortíz 0-0: Foul Ball, location: 2F
0-1: Foul Ball, location: 2F
0-2: Strikes out swinging
Bottom of the 7th over - 0 run(s), 0 hit(s), 0 error(s), 0 left on base; Lansing 4 - Albuquerque 6
TOP OF THE 8TH
Lansing Lugnuts batting - Pitching for Albuquerque Isotopes : LHP Dave Rice
Batting: RHB Júlio Caraballo 0-0: Ball
1-0: Foul Ball, location: 2F
1-1: Called Strike
1-2: Foul Ball, location: 2F
1-2: Strikes out swinging
Batting: LHB Pedro Padilla 0-0: Called Strike
0-1: Ball
1-1: Called Strike
1-2: Strikes out swinging
Batting: RHB Steve Hathaway 0-0: Called Strike
0-1: Ball
1-1: Ball
2-1: Fly out, F3 (Line Drive, 34)
Top of the 8th over - 0 run(s), 0 hit(s), 0 error(s), 0 left on base; Lansing 4 - Albuquerque 6
BOTTOM OF THE 8TH
Albuquerque Isotopes batting - Pitching for Lansing Lugnuts : RHP Gerald Hood
Batting: RHB Edward Young 0-0: Foul Ball, location: 2F
0-1: Ball
1-1: Ground out 5-3 (Groundball, 5)
Batting: RHB Adrian Prouse 0-0: Ball
1-0: Called Strike
1-1: Called Strike
1-2: Strikes out swinging
Batting: LHB Juan Carlos Sánchez 0-0: Ball
1-0: Called Strike
1-1: Ground out 1-3 (Groundball, 13S)
Bottom of the 8th over - 0 run(s), 0 hit(s), 0 error(s), 0 left on base; Lansing 4 - Albuquerque 6
TOP OF THE 9TH
Lansing Lugnuts batting - Pitching for Albuquerque Isotopes : LHP Dave Rice
Pitching: RHP Arthur Smith
Batting: RHB Rafael González 0-0: Swinging Strike
0-1: Ball
1-1: Ground out 5-3 (Groundball, 56)
Batting: RHB Howard Daniel 0-0: Ball
1-0: Foul Ball, location: 2F
1-1: Ball
2-1: Ball
3-1: Foul Ball, location: 2F
3-2: Strikes out swinging
Batting: RHB Taki Chikafuji 0-0: Ball
1-0: Swinging Strike
1-1: Ground out 4-3 (Groundball, 4)
Top of the 9th over - 0 run(s), 0 hit(s), 0 error(s), 0 left on base; Lansing 4 - Albuquerque 6
This league is powered by Out of the Park Baseball, the baseball management simulation game for PC, Mac and Linux
Wednesday, December 2nd, 2015 - OOTP Baseball 16.8 Build 38